 Dungeon Crawl Stone Soup version 0.28.0-53-g5a82cb258f (webtiles) character file.

Game seed: 12701533802029698537

1148 Plasmagod the Ruffian (level 8, -3/61 HPs)
             Began as a Purple Draconian Transmuter on July 20, 2022.
             Was an Initiate of the Shining One.
             Slain by a gnoll
             ... wielding a +0 spear
              (4 damage)
             ... on level 5 of the Dungeon.
             The game lasted 00:17:29 (5166 turns).

Plasmagod the Ruffian (Purple Draconian Transmuter) Turns: 5166, Time: 00:17:30

Health: -3/61      AC: 10    Str: 13    XL:     8   Next: 15%
Magic:  14/14      EV: 13    Int: 15    God:    the Shining One [......]
Gold:   306        SH:  0    Dex: 12    Spells: 9/15 levels left

rFire   . . .      SeeInvis .     - Unarmed
rCold   . . .      Faith    .   (no shield)
rNeg    . . .      Spirit   .   (armour unavailable)
rPois   .          Reflect  .   (helmet currently unavailable)
rElec   .          Harm     .   (no cloak)
rCorr   .          Rampage  .   (no gloves)
Will    +....                   (boots currently unavailable)
Stlth   +.........              (no amulet)
HPRegen 0.20/turn               g - +4 ring of protection
MPRegen 0.14/turn               (no ring)

@: appendages (expiring), wereblooded, glowing
A: horns 2, talons 2, breathe power, AC +6, unfitting armour, cold-blooded
a: Breathe Dispelling Energy, End Transformation, Renounce Religion


You were on level 5 of the Dungeon.
You worshipped the Shining One.
The Shining One was noncommittal.
You had temporarily grown beastly horns and talons.
You visited 2 branches of the dungeon, and saw 6 of its levels.
You also visited: Sewer.

You collected 306 gold pieces.

Inventory:

Jewellery
 g - a +4 ring of protection (left hand)
 l - a ring of poison resistance
Wands
 v - a wand of iceblast (5)
Scrolls
 d - 3 scrolls of identify {unknown}
 e - a scroll of summoning {unknown}
 f - 2 scrolls of enchant armour {unknown}
 h - a scroll of fear {unknown}
 i - 3 scrolls of teleportation {unknown}
 j - a scroll of noise {unknown}
 o - a scroll of amnesia {unknown}
 p - a scroll of torment {unknown}
 q - a scroll of vulnerability {unknown}
 t - a scroll of immolation {unknown}
Potions
 a - a potion of mutation {unknown}
 c - 2 potions of curing {unknown}
 k - a potion of berserk rage {unknown}
 m - a potion of ambrosia {unknown}
 n - a potion of might {unknown}
 r - 2 potions of haste
 s - a potion of flight {unknown}
 u - a potion of lignification {unknown}
 w - a potion of brilliance {unknown}


   Skills:
 + Level 2.2 Fighting
 + Level 3.7 Dodging
 + Level 1.9 Stealth
 + Level 6.7 Unarmed Combat
 + Level 4.4 Spellcasting
 * Level 5.2 Transmutations


You had 9 spell levels left.
You knew the following spells:

 Your Spells              Type           Power      Damage    Failure   Level
a - Beastly Appendage     Tmut           36%        N/A       1%          1
b - Wereblood             Tmut           18%        N/A       3%          2
c - Spider Form           Tmut/Pois      11%        N/A       19%         3

Your spell library contained the following spells:

 Spells                   Type           Power      Damage    Failure   Level
 Passwall                 Tmut/Erth      9%         N/A       9%          2
 Pain                     Necr           12%        1d4       17%         1
 Sandblast                Erth           6%         2d5       17%         1
 Ignite Poison            Fire/Tmut/Pois 8%         N/A       26%         3
 Conjure Flame            Conj/Fire      3%         6-21      45%         3
 Stone Arrow              Conj/Erth      6%         3d7       45%         3
 Ice Form                 Ice/Tmut       11%        N/A       52%         4
 Sticky Flame             Conj/Fire      3%         2d3       86%         4
 Agony                    Necr           3%         N/A       99%         5
 Excruciating Wounds      Necr           1%         N/A       99%         5


Dungeon Overview and Level Annotations

Branches:
Dungeon (5/15)             Temple (1/1) D:4           Sewer (visited)

Altars:
Ashenzari
Cheibriados
Dithmenos
Elyvilon
Fedhas
Hepliaklqana
Kikubaaqudgha
Makhleb
Nemelex Xobeh
Okawaru
Qazlal
Ru
Sif Muna
Trog
Uskayaw
Wu Jian
Xom
Yredelemnul
Zin
The Shining One

Annotations:
D:3 2 transporters, Acheron's ghost, weakling DsBr


Innate Abilities, Weirdness & Mutations

You have temporarily grown beastly horns and talons.
You can breathe bolts of dispelling energy.
Your rich purple scales are hard. (AC +6)
You cannot fit into any form of body armour.
You are cold-blooded and may be slowed by cold attacks.


Message History

You howl as the wereblood boils in your veins!
The gnoll sergeant hits you with a +1 trident of flaming.
The gnoll sergeant burns you.
The gnoll hits you from afar with a +0 spear.
You hit the gnoll sergeant but do no damage.
You claw the gnoll sergeant.
The gnoll sergeant is heavily wounded.
The gnoll hits you with a +0 spear. The gnoll sergeant barely misses you.
You hit the gnoll sergeant. The gnoll sergeant blocks your attack.
Your headbutt misses the gnoll sergeant.
The gnoll sergeant is heavily wounded.
The gnoll hits you but does no damage. The gnoll misses you.
The gnoll sergeant hits you but does no damage.
You hit the gnoll sergeant. Your kick misses the gnoll sergeant.
You tail-slap the gnoll sergeant, but do no damage.
The gnoll sergeant is heavily wounded.
The gnoll misses you. The gnoll barely misses you.
The gnoll sergeant barely misses you.
You hit the gnoll sergeant.
You claw the gnoll sergeant, but do no damage.
You headbutt the gnoll sergeant. Your punch misses the gnoll sergeant.
The gnoll sergeant is severely wounded.
The gnoll hits you from afar with a +0 spear.
The gnoll barely misses you.
The gnoll sergeant hits you with a +1 trident of flaming.
* * * LOW HITPOINT WARNING * * *
The gnoll sergeant burns you.
* * * LOW HITPOINT WARNING * * *
The gnoll sergeant blocks your attack.
You claw the gnoll sergeant. You headbutt the gnoll sergeant.
The gnoll sergeant is severely wounded.
The gnoll closely misses you. The gnoll hits you but does no damage.
The gnoll sergeant hits you with a +1 trident of flaming!
* * * LOW HITPOINT WARNING * * *
The gnoll sergeant burns you.
* * * LOW HITPOINT WARNING * * *
The gnoll sergeant blocks your attack.
You claw the gnoll sergeant.
The gnoll sergeant is almost dead.
The gnoll misses you. The gnoll hits you with a +0 spear.
You die...

#..........#...#
############...#
...........#
...........# .
...........# ..
...........# .(.
...........# ...
.........).# ..
##########@##'#####
#gg.......
#g......'.
+..'....#.
#..#....# ####....#
#####


You could see a gnoll sergeant and 2 gnolls.

Vanquished Creatures
  Sigmund (D:4)
  A wyvern (D:4)
  3 water moccasins
  A sky beast (D:5)
  2 scorpions (D:4)
  A water moccasin zombie (D:5)
  A jelly (D:4)
  An orc priest (D:4)
  A hound zombie (D:5)
  7 gnolls
  A howler monkey skeleton (D:5)
  3 adders
  2 worms
  2 dart slugs
  9 orcs
  4 endoplasms
  3 giant cockroaches
  6 goblins
  7 hobgoblins
  8 jackals
  2 quokkas
  9 ball pythons
  7 bats
  3 frilled lizards
  4 kobolds
  14 rats
103 creatures vanquished.

Vanquished Creatures (others)
  2 fungi (D:3)
  A plant (D:3)
3 creatures vanquished.

Grand Total: 106 creatures vanquished

Notes
Turn   | Place    | Note
-------+----------+-------------------------------------------
     0 | D:1      | Plasmagod the Draconian Transmuter began the quest for the
                  | Orb.
     0 | D:1      | Reached XP level 1. HP: 16/16 MP: 3/3
     0 | D:1      | Noticed a formicid
     2 | D:1      | Noticed a human
     8 | D:1      | Noticed a naga
    12 | D:1      | Noticed a merfolk
    20 | D:1      | Noticed a spriggan
    22 | D:1      | Noticed a dwarf
   446 | D:1      | Reached XP level 2. HP: 23/23 MP: 1/5
   825 | D:2      | Learned a level 2 spell: Wereblood
   970 | D:2      | Reached XP level 3. HP: 28/28 MP: 4/6
  1301 | D:2      | Reached XP level 4. HP: 35/35 MP: 4/7
  1307 | D:2      | Reached skill level 4 in Unarmed Combat
  1684 | D:3      | Found a transporter.
  1684 | D:3      | Noticed Acheron's ghost (weakling DsBr)
  1733 | D:3      | Found a faded altar of an unknown god.
  1868 | D:3      | Found a transporter.
  1935 | D:4      | Noticed a scorpion
  1940 | D:4      | Killed a scorpion
  1941 | D:4      | Reached XP level 5. HP: 36/40 MP: 6/8
  2185 | D:4      | Found a glowing drain.
  2189 | Sewer    | Entered a sewer
  2328 | Sewer    | Noticed a water moccasin
  2341 | Sewer    | Killed a water moccasin
  2342 | Sewer    | Reached skill level 1 in Stealth
  2342 | Sewer    | Reached XP level 6. HP: 22/47 MP: 9/9
  2707 | D:4      | Noticed Sigmund
  2708 | D:4      | Reached skill level 5 in Unarmed Combat
  2739 | D:4      | HP: 1/48 [something (5)]
  2741 | D:4      | Killed Sigmund
  2742 | D:4      | Your scales start taking on a rich purple colour.
  2742 | D:4      | Reached XP level 7. HP: 2/53 MP: 9/12
  3038 | D:4      | Found a staircase to the Ecumenical Temple.
  3046 | Temple   | Entered the Ecumenical Temple
  3203 | Temple   | Became a worshipper of the Shining One
  3256 | D:4      | Learned a level 3 spell: Spider Form
  3543 | D:4      | Noticed a wyvern
  3552 | D:4      | Killed a wyvern
  3606 | D:4      | Reached skill level 6 in Unarmed Combat
  4267 | D:5      | Entered Level 5 of the Dungeon
  4514 | D:5      | Reached XP level 8. HP: 38/61 MP: 14/14
  4658 | D:5      | Reached skill level 5 in Transmutations
  5165 | D:5      | HP: 1/61 [gnoll sergeant/+1 trident of flaming (4)]
  5166 | D:5      | Slain by a gnoll

Illustrated notes

Levels and vault maps discovered:
D:1:      shiori_arrival_whats_in_store_for_you, layout_basic
D:2:      layout_basic
D:3:      layout_rooms, gammafunk_ghost_mausoleum,
          shapermc_ecumenical_altar_hornbeckon, mrwooster_statue_mirror
D:4:      layout_loops_corners, minmay_temple_entry_water_ring,
          gup_sewer_entry_spiral, uniq_sigmund
D:5:      layout_gridville, minivault_25, uniq_pikel, uniq_ijyb
Temple:   regret_index_temple_chain_breaker

Skill      XL: |  1  2  3  4  5  6  7  8 |
---------------+-------------------------+-----
Dodging        | 2 3 |  3.7
Unarmed Combat | 4 5 6 |  6.7
Transmutations | 3 4 5 |  5.2
Stealth        | 1 |  1.9
Spellcasting   | 3 4 |  4.4
Fighting       | 2 |  2.2

Action                   |  1- 3 |  4- 6 |  7- 9 || total
-------------------------+-------+-------+-------++-------
Melee: Unarmed           |   121 |   172 |   111 ||   404
       Kick              |    16 |    21 |    35 ||    72
       Tailslap          |    11 |    24 |    12 ||    47
       Punch             |     3 |     3 |     5 ||    11
       Headbutt          |     5 |    13 |    19 ||    37
 Cast: Beastly Appendage |    14 |    11 |    13 ||    38
       Wereblood         |     2 |     3 |     3 ||     8
       Spider Form       |       |       |     1 ||     1
  Use: Potion            |       |     1 |     2 ||     3
 Stab: Sleeping          |     1 |     1 |       ||     2
Armor: Skin              |    44 |    77 |    50 ||   171
Dodge: Dodged            |    88 |   106 |    67 ||   261
